Map: Radhuset Station LE

Players

Tomatosaur - Winner!

  • Race: Protoss Protoss
  • League: Diamond
  • Spawn Location: 7:00

SubN

  • Race: Zerg Zerg
  • Spawn Location: 1:00

VOD

Have the link to the VOD?

Description

Time

  • Played on: Jan. 12, 2024, 7:09 p.m.
  • Length: 11:34
Show
View Real Time Build Order
Export as new Build Order

Tomatosaur Protoss - Winner!

Build Orders: 1 Gate Expand, Archon Immortal 

Get SALT Encoding   

  12  0:00  Probe  
  13  0:12  Probe  
  14  0:19  Pylon  
  14  0:24  Probe  
  15  0:38  Probe (Chrono Boost)  
  15  0:42  Gateway  
  17  0:50  Probe (Chrono Boost)  
  17  0:51  Assimilator  
  17  0:55  Probe (Chrono Boost)  
  18  1:05  Probe  
  19  1:17  Probe  
  20  1:30  Nexus  
  20  1:42  Cybernetics Core  
  20  1:50  Pylon  
  20  1:51  Probe  
  21  1:55  Assimilator  
  21  2:03  Probe  
  21  2:08  Zealot  
  24  2:16  Gateway  
  24  2:18  Warp Gate  
  24  2:20  Probe  
  25  2:33  Probe  
  25  2:36  Forge  
  26  2:42  Probe  
  27  2:45  Probe  
  28  2:51  Twilight Council  
  28  2:57  Zealot  
  30  3:02  Probe  
  30  3:03  Protoss Ground Weapons Level 1 (Chrono Boost), Probe  
  32  3:14  Probe  
  32  3:15  Probe  
  34  3:21  Zealot  
  34  3:24  Charge (Chrono Boost)  
  36  3:27  Zealot  
  36  3:29  Probe  
  36  3:32  Probe  
  40  3:43  Pylon  
  40  3:47  Probe x2  
  42  3:59  Probe x2  
  42  4:00  Pylon  
  44  4:07  Zealot x2  
  48  4:11  Probe x2  
  48  4:15  Robotics Facility  
  50  4:23  Probe x2  
  52  4:30  Zealot x2  
  56  4:35  Probe x2  
  56  4:37  Templar Archives  
  58  4:48  Pylon  
  58  4:52  Zealot x2  
  62  5:06  Probe x2  
  64  5:07  Pylon  
  64  5:10  Assimilator  
  64  5:11  Pylon  
  64  5:12  Zealot x2  
  68  5:18  Probe x2  
  70  5:26  Immortal  
  74  5:30  Probe x2  
  74  5:31  Assimilator  
  74  5:33  High Templar x2  
  80  5:43  Archon  
  80  5:45  Probe x2  
  82  5:58  Gateway  
  82  6:00  Gateway  
  82  6:09  Probe x2  
  84  6:14  Nexus  
  84  6:16  Pylon  
  84  6:17  Pylon  
  84  6:18  Pylon  
  84  6:21  Probe x2  
  84  6:32  High Templar  
  86  6:34  Immortal  
  86  6:36  Pylon  
  86  6:37  High Templar  
  90  6:42  Probe x2  
  90  6:43  Archon  
  90  6:54  Probe x2  
  92  6:56  Pylon  
  88  7:03  Protoss Ground Weapons Level 2  
  88  7:05  Pylon  
  88  7:06  Probe x2  
  88  7:13  Immortal  
  88  7:18  Probe x2  
  88  7:21  Zealot x2  
  90  7:24  Zealot x2  
  90  7:26  Probe  
  91  7:30  Probe x2  
  93  7:38  Probe  
  93  7:42  Probe x2  
  96  7:45  High Templar x2  
  96  7:46  Zealot x2  
  96  7:50  Immortal (Chrono Boost), Probe  
  105  7:52  Gateway  
  105  7:54  Gateway, Probe  
  105  7:56  Gateway  
  105  7:57  Gateway  
  110  8:04  Probe x2  
  112  8:06  Probe  
  113  8:14  Nexus  
  113  8:16  Probe x2, High Templar x2  
  113  8:18  Probe  
  120  8:23  Zealot x2  
  120  8:25  Observer  
  125  8:28  Probe x2  
  125  8:30  Probe, Shield Battery  
  128  8:34  Assimilator x2  
  128  8:43  Immortal (Chrono Boost)  
  128  8:45  Psionic Storm  
  128  8:46  Forge  
  132  8:50  Zealot x6  
  132  8:51  Zealot  
  146  9:13  Probe x2  
  146  9:14  Probe  
  149  9:26  Immortal  
  149  9:28  Pylon  
  149  9:29  Pylon  
  153  9:33  Pylon x2  
  153  9:34  Pylon  
  153  9:36  Pylon x2  
  153  9:37  High Templar x2  
  156  9:38  High Templar  
  156  9:39  High Templar, Zealot  
  156  9:40  Zealot  
  156  9:43  Archon x2  
  164  10:05  Immortal  
  168  10:12  High Templar  
  168  10:13  High Templar, Zealot x3  
  168  10:14  Zealot x3  
  182  10:17  Archon  
  184  10:25  Assimilator x2  
  184  10:30  Stargate  
  184  10:32  Stargate  
  184  10:42  Photon Cannon  
  184  10:44  Photon Cannon, Warp Prism  
  184  10:46  Photon Cannon  
  186  11:05  Nexus  
Show
View Real Time Build Order
Export as new Build Order

SubN Zerg 

Build Orders: 3 Hatch before Pool 

Get SALT Encoding   

  12  0:00  Drone  
  13  0:12  Overlord  
  13  0:17  Drone  
  14  0:32  Drone x2  
  16  0:52  Hatchery  
  16  0:56  Drone  
  16  0:58  Drone  
  17  1:23  Hatchery  
  16  1:31  Drone x2  
  18  1:35  Extractor  
  17  1:46  Spawning Pool  
  16  1:49  Drone  
  16  1:52  Drone  
  18  2:00  Drone  
  19  2:05  Drone x2  
  21  2:14  Drone  
  22  2:16  Drone  
  23  2:26  Overlord  
  23  2:30  Overlord  
  23  2:34  Drone  
  24  2:37  Queen  
  24  2:44  Queen  
  28  2:51  Metabolic Boost  
  28  2:54  Drone  
  29  3:01  Queen  
  29  3:04  Drone  
  32  3:06  Drone  
  32  3:08  Drone  
  32  3:10  Drone  
  35  3:16  Drone x2  
  35  3:18  Drone  
  38  3:20  Drone  
  38  3:26  Drone x3  
  42  3:31  Queen  
  44  3:38  Drone x3  
  44  3:39  Extractor  
  44  3:40  Drone  
  47  3:42  Drone  
  47  3:44  Drone  
  49  3:52  Overlord  
  49  3:58  Overlord  
  49  4:00  Overlord  
  49  4:05  Drone  
  50  4:10  Queen  
  50  4:11  Drone  
  53  4:17  Queen  
  53  4:19  Roach Warren  
  53  4:20  Drone x4  
  59  4:24  Drone x3, Extractor  
  59  4:26  Drone  
  59  4:30  Extractor  
  60  4:32  Lair  
  60  4:47  Drone x9  
  69  4:53  Queen  
  69  4:59  Drone  
  72  5:00  Baneling Nest  
  72  5:01  Drone x2  
  72  5:02  Drone  
  72  5:05  Extractor  
  73  5:08  Drone  
  73  5:11  Overlord x2  
  73  5:12  Overlord  
  74  5:18  Evolution Chamber  
  74  5:19  Drone  
  74  5:22  Overlord  
  74  5:23  Overlord  
  74  5:24  Evolution Chamber  
  74  5:27  Overlord  
  73  5:30  Drone  
  73  5:34  Drone, Spire  
  73  5:35  Drone x2  
  76  5:36  Drone  
  76  5:38  Drone  
  76  5:41  Drone, Extractor  
  76  5:42  Drone x2  
  80  5:43  Drone  
  80  5:44  Drone  
  80  5:49  Roach  
  88  5:50  Roach x2  
  88  5:56  Roach x4  
  88  6:02  Roach x3  
  84  6:07  Roach  
  84  6:13  Roach x3  
  84  6:16  Roach  
  81  6:22  Roach  
  68  6:33  Roach x4  
  68  6:34  Roach  
  66  6:46  Roach x5  
  67  6:52  Roach  
  44  7:02  Roach x2  
  42  7:13  Drone x3  
  37  7:22  Zerg Missile Weapons Level 1  
  37  7:26  Drone x2  
  37  7:29  Drone  
  40  7:32  Drone  
  41  7:39  Drone x2  
  41  7:42  Drone  
  44  7:54  Queen  
  46  8:00  Drone x2  
  46  8:01  Drone  
  46  8:03  Drone  
  50  8:06  Drone  
  50  8:12  Queen  
  53  8:16  Glial Reconstitution  
  53  8:20  Zerg Melee Weapons Level 1  
  53  8:26  Drone x2  
  55  8:27  Drone  
  55  8:29  Drone  
  55  8:30  Drone  
  55  8:32  Drone  
  59  8:39  Drone x3  
  62  8:47  Zerg Flyer Weapons Level 1  
  62  8:48  Centrifugal Hooks  
  62  8:50  Drone x2  
  62  8:52  Drone  
  62  8:53  Drone  
  66  9:00  Drone x4  
  70  9:07  Drone x3  
  73  9:27  Drone x3  
  76  9:31  Drone  
  76  9:36  Hatchery, Roach  
  76  9:37  Roach x7  
  92  9:42  Queen  
  94  9:47  Roach x2  
  94  9:52  Drone x3  
  101  10:00  Queen  
  103  10:08  Mutalisk  
  103  10:09  Mutalisk x5  
  103  10:14  Overseer  
  115  10:15  Overseer  
  115  10:20  Overseer  
  115  10:22  Queen  
  115  10:27  Zergling x8  
  115  10:28  Zergling x2  
  122  10:31  Overlord  
  122  10:32  Overlord  
  122  10:47  Baneling  
  122  10:48  Baneling x4  
  122  10:49  Baneling  
  122  10:50  Baneling  
  122  10:51  Roach x2  
  122  10:52  Roach x6  
  128  11:15  Roach  
Tags
 
Add a new tag
Caveats
  • Supply blocks, unpowered buildings, or Contaminate may cause inaccurate times.
  • Supply counts are checked every 10 seconds.